 Dungeon Crawl Stone Soup version 0.27.1-2-g3b301248ec (webtiles) character file.

Game seed: 17416483796775786628

336 Borgoz the Skirmisher (level 6, 0/60 HPs)
             Began as a Gargoyle Berserker on Sept 26, 2021.
             Was a Believer of Trog.
             Slain by an ogre (14 damage)
             ... on level 4 of the Dungeon.
             The game lasted 00:03:44 (3806 turns).

Borgoz the Skirmisher (Gargoyle Berserker)          Turns: 3806, Time: 00:03:45

Health: 0/60       AC: 11    Str: 20    XL:     6   Next: 54%
Magic:  6/6        EV: 10    Int:  8    God:    Trog [**....]
Gold:   171        SH:  0    Dex: 11    Spells: 5/5 levels left

rFire    . . .     SeeInvis .   h - +0 flail
rCold    . . .     Faith    .   (no shield)
rNeg     + . .     Spirit   .   i - +0 scale mail
rPois    ∞         Reflect  .   (no helmet)
rElec    +         Harm     .   (no cloak)
rCorr    .         Rampage  .   (no gloves)
Will     .....                  (no boots)
Stlth    ..........             (no amulet)
HPRegen  0.20/turn              (no ring)
MPRegen  0.10/turn              (no ring)

@: berserking, very quick
A: sickness immunity, AC +4, negative energy resistance 1, electricity
resistance, torment resistance 1, petrification resistance
a: Renounce Religion, Berserk, Trog's Hand


You were on level 4 of the Dungeon.
You worshipped Trog.
Trog was pleased with you.
You visited 1 branch of the dungeon, and saw 4 of its levels.

You collected 171 gold pieces.

Inventory:

Hand Weapons
 h - a +0 flail (weapon)
Armour
 i - a +0 scale mail (worn)
Wands
 l - a wand of iceblast (7)
Scrolls
 e - a scroll of enchant armour {unknown}
 k - 2 scrolls of summoning {unknown}
 m - a scroll of brand weapon {unknown}
 n - a scroll of teleportation {unknown}
 o - a scroll of enchant weapon {unknown}
 p - a scroll of amnesia {unknown}
 q - a scroll of fog {unknown}
Potions
 a - 3 potions of haste {unknown}
 b - a potion of attraction {unknown}
 c - 2 potions of might {unknown}
 d - a potion of curing {unknown}
 f - a potion of lignification {unknown}
 g - 2 potions of brilliance {unknown}
 j - a potion of heal wounds {unknown}


   Skills:
 + Level 4.8 Fighting
 + Level 4.3 Maces & Flails
 + Level 4.1 Armour
 + Level 3.0 Dodging


You had 5 spell levels left.
You didn't know any spells.
Your spell library was empty.

Dungeon Overview and Level Annotations

Branches:
Dungeon (4/15)
 Temple: D:4-7

Altars:
Elyvilon
Makhleb
Nemelex Xobeh
Okawaru
Vehumet

Shops:
D:1 [


Innate Abilities, Weirdness & Mutations

You are immune to sickness and miasma.
Your stone body is resilient. (AC +4)
You are immune to poison.
You resist negative energy. (rN+)
You are resistant to electric shocks. (rElec)
You are resistant to unholy torment.
You are immune to petrification.


Message History

No target in view!
No target in view!
No target in view!
You see here a +0 club.
Found a scroll labelled DANUBB LEMAU.
Found a stone staircase leading down.
There is a stone staircase leading down here.
q - a scroll labelled DANUBB LEMAU An ogre comes into view.
It is wielding a +0 giant spiked club.
An ogre is nearby!
The ogre shouts!
The ogre hits you with a +0 giant spiked club!
You hit the ogre but do no damage. The ogre closely misses you.
You hit the ogre.
The ogre is lightly wounded.
The ogre barely misses you.
You hit the ogre.
The ogre is moderately wounded.
The ogre hits you with a +0 giant spiked club.
You hit the ogre.
The ogre is moderately wounded.
The ogre hits you with a +0 giant spiked club!
* * * LOW HITPOINT WARNING * * *
You are too injured to fight recklessly!
You are too injured to fight recklessly!
You are too injured to fight recklessly!
You are too injured to fight recklessly!
You are too injured to fight recklessly!
You are too injured to fight recklessly!
You are too injured to fight recklessly!
You are too injured to fight recklessly!
You are too injured to fight recklessly!
You are too injured to fight recklessly!
You are too injured to fight recklessly!
You are too injured to fight recklessly!
A red film seems to cover your vision as you go berserk!
You feel yourself moving faster!
You feel mighty!
You hit the ogre.
The ogre is heavily wounded.
The ogre hits you with a +0 giant spiked club!
You die...

#.# #.# #.# #.#
#.# #.#
##############.#
#..............#
#@##############
......O.#
#########


You could see an ogre.

Vanquished Creatures
  A water moccasin zombie (D:3)
  3 iron imps (D:3)
  2 orc wizards
  4 adders
  A gnoll (D:1)
  2 worms (D:2)
  2 dart slugs
  9 orcs
  3 ball pythons
  7 bats
  8 endoplasms
  5 giant cockroaches
  7 goblins
  4 hobgoblins
  4 jackals (D:2)
  A quokka (D:3)
  4 frilled lizards
  5 kobolds
  9 rats
81 creatures vanquished.

Notes
Turn   | Place    | Note
-------+----------+-------------------------------------------
     0 | D:1      | Borgoz the Gargoyle Berserker began the quest for the Orb.
     0 | D:1      | Reached XP level 1. HP: 14/14 MP: 1/1
   237 | D:1      | Reached XP level 2. HP: 13/19 MP: 2/2
   363 | D:1      | Found Vahoxkak's Antique Armour Shoppe.
   550 | D:1      | Reached XP level 3. HP: 5/23 MP: 3/3
  1184 | D:1      | Found a faded altar of an unknown god.
  1860 | D:2      | Reached ** piety under Trog
  2068 | D:2      | Reached XP level 4. HP: 23/29 MP: 4/4
  2854 | D:3      | Reached XP level 5. HP: 33/33 MP: 5/5
  2909 | D:3      | Found a radiant altar of Vehumet.
  3062 | D:3      | Found a burning altar of Makhleb.
  3090 | D:3      | Reached XP level 6. HP: 31/39 MP: 6/6
  3252 | D:3      | Found an iron altar of Okawaru.
  3252 | D:3      | Found a sparkling altar of Nemelex Xobeh.
  3253 | D:3      | Found a white marble altar of Elyvilon.
  3806 | D:4      | Slain by an ogre

Illustrated notes

Levels and vault maps discovered:
D:1:      lemuel_arrival_rhombus, layout_loops_cross, serial_shops, shop,
          ebering_ecumenical_altar_webs, minmay_3d_cube
D:2:      layout_rooms, serial_bayou_pond_e
D:3:      layout_rooms, vehumet_crystals, gammafunk_temple_overflow_forgotten,
          demons_altar
D:4:      layout_loops_ring, uniq_natasha, uniq_robin

Skill      XL: |  1  2  3  4  5  6 |
---------------+-------------------+-----
Dodging        | 2 3 |  3.0
Armour         | 3 4 |  4.1
Fighting       | 4 |  4.8
Maces & Flails | 4 |  4.3

Action                   |  1- 3 |  4- 6 || total
-------------------------+-------+-------++-------
Melee: Mace              |   101 |       ||   101
       Flail             |    32 |   167 ||   199
Invok: Berserk           |     1 |     5 ||     6
 Stab: Sleeping          |     2 |       ||     2
Armor: Animal skin       |    54 |       ||    54
       Scale mail        |    12 |   131 ||   143
Dodge: Dodged            |    86 |   127 ||   213
